AoeStats
← Royal Yakuza

Lombardia

510128401Analyzed
2v2 RM · 4d ago on Sep 29, 2026· 39m 12s· 4 players
Game mode
Random Map
Map size
Medium (4 player)
Population
200
Speed
Normal
Resources
Standard
Victory
Conquest
Starting age
Dark Age
Ending age
Imperial Age
RankedLock teamsTeams togetherTeam positionsShared explorationLock speedFull tech treeHidden civsTurbo modeCheats
Victory
Defeat
🇫🇮 Italians · Finland
1385
+13
🇧🇪 Hindustanis · Belgium
1336
+15
🇫🇷 Celts · France
1353
-16
🇨🇭 Bohemians · Switzerland
1272
-12
Royal Yakuza
11:48 Feudal Age
15:50 Castle Age
13:51 Horse Collar
14:30 Fletching
15:32 Double-Bit Axe
17:07 Bow Saw
17:33 Heavy Plow
21:12 Stone Mining
22:58 Gold Mining
24:38 Loom
25:29 Wheelbarrow
24:40 Town Watch
27:29 Forging
31:53 Imperial Age
29:46 Bodkin Arrow
30:40 Iron Casting
30:05 Scale Mail Armor
30:40 Squires
31:58 Elite Ghulam
32:58 Conscription
34:05 Blast Furnace
33:21 Chain Mail Armor
33:57 Hand Cart
33:48 Bracer
35:39 Two-Man Saw
35:33 Padded Archer Armor
35:59 Elite Skirmisher
37:08 Thumb Ring
37:23 Leather Archer Armor
37:10 Arson
Burgeri
11:12 Feudal Age
12:27 Loom
15:12 Castle Age
13:30 Horse Collar
13:36 Double-Bit Axe
16:27 Bow Saw
16:19 Heavy Plow
20:42 Wheelbarrow
22:08 Hand Cart
21:52 Town Watch
24:27 Fletching
24:27 Loom
30:38 Imperial Age
28:41 Scale Mail Armor
28:52 Forging
29:00 Squires
28:45 Arson
30:46 Chain Mail Armor
31:07 Iron Casting
31:43 Scale Barding Armor
33:11 Plate Mail Armor
Ludo
11:53 Feudal Age
16:19 Castle Age
14:39 Double-Bit Axe
15:05 Horse Collar
17:18 Bow Saw
17:03 Fletching
17:26 Crossbowman
20:07 Loom
22:57 Padded Archer Armor
26:00 Bodkin Arrow
26:48 Wheelbarrow
27:41 Ballistics
28:15 Leather Archer Armor
28:55 Hand Cart
28:43 Heavy Plow
31:30 Chemistry
35:24 Imperial Age
33:00 Town Watch
34:26 Town Patrol
37:31 Conscription
Belkiane
6:54 Loom
9:16 Feudal Age
10:13 Double-Bit Axe
10:03 Man-at-Arms
11:50 Arson
19:08 Castle Age
17:06 Gold Mining
16:58 Horse Collar
18:58 Scale Mail Armor
20:41 Wheelbarrow
20:16 Gambesons
19:52 Long Swordsman
20:48 Chain Mail Armor
20:44 Forging
20:19 Long Swordsman
22:24 Bow Saw
24:48 Gold Shaft Mining
28:56 Heavy Plow
29:30 Hand Cart
36:43 Imperial Age
37:02 Ballistics
37:14 Heavy Scorpion
Connection lost

Rejoining the realm…

Still unreachable

The connection could not be restored.

Session expired

The server has moved on; the page needs a fresh start.